 Dungeon Crawl Stone Soup version 0.28.0-43-g3370ac3207 (webtiles) character file.

Game seed: 1751207255911712659

170 Ablot the Grasshopper (level 5, 0/43 HPs)
             Began as a Gnoll Warper on Mar 19, 2022.
             Slain by a scorpion (2 damage)
             ... while paralysed by Grinder
             ... on level 3 of the Dungeon.
             The game lasted 00:03:59 (3153 turns).

Ablot the Grasshopper (Gnoll Warper)                Turns: 3153, Time: 00:04:00

Health: 0/43       AC:  5    Str: 12    XL:     5   Next: 50%
Magic:  10/12      EV:  2    Int: 13    God:
Gold:   89         SH:  0    Dex: 17    Spells: 12/14 levels left

rFire   . . .      SeeInvis .   p - +2 hunting sling (freeze)
rCold   . . .      Faith    .   (no shield)
rNeg    . . .      Spirit   .   b - +0 leather armour
rPois   .          Reflect  .   m - +0 helmet
rElec   .          Harm     .   v - +0 cloak
rCorr   .          Rampage  .   (no gloves)
Will    .....                   (no boots)
Stlth   ++........              (no amulet)
HPRegen 0.14/turn               l - +6 ring of dexterity
MPRegen 0.13/turn               (no ring)

@: paralysed
A: fangs 1, strong nose, distributed training
a: no special abilities


You were on level 3 of the Dungeon.
You visited 1 branch of the dungeon, and saw 4 of its levels.

You collected 89 gold pieces.

Inventory:

Hand Weapons
 a - a +0 spear
 p - a +2 hunting sling of freezing (weapon)
 u - a +4 quarterstaff of chaos
Missiles
 d - 5 boomerangs of dispersal
 e - 26 arrows
 g - 98 stones (quivered ammo)
 r - 3 javelins
Armour
 b - a +0 leather armour (worn)
 m - a +0 helmet (worn)
 v - a +0 cloak (worn)
Jewellery
 l - a +6 ring of dexterity (left hand)
Wands
 o - a wand of iceblast (11)
Scrolls
 c - 2 scrolls of blinking
 i - 2 scrolls of identify {unknown}
 k - a scroll of amnesia {unknown}
 n - a scroll of brand weapon {unknown}
 q - a scroll of silence {unknown}
 s - a scroll of fear {unknown}
 w - a scroll of fog {unknown}
Potions
 f - a potion of heal wounds {unknown}
 h - a potion of curing
 j - 2 potions of haste {unknown}
 t - a potion of magic {unknown}


   Skills:
 + Level 4.8 Fighting
 + Level 1.5 Short Blades
 + Level 1.5 Long Blades
 + Level 1.5 Axes
 + Level 1.5 Maces & Flails
 + Level 4.8 Polearms
 + Level 1.5 Staves
 + Level 1.5 Slings
 + Level 1.5 Bows
 + Level 1.5 Crossbows
 + Level 3.0 Throwing
 + Level 3.0 Armour
 + Level 4.8 Dodging
 + Level 1.5 Stealth
 + Level 1.5 Shields
 + Level 1.5 Unarmed Combat
 + Level 5.2 Spellcasting
 + Level 1.2 Conjurations
 + Level 1.2 Hexes
 + Level 1.2 Summonings
 + Level 1.2 Necromancy
 + Level 5.5 Translocations
 + Level 1.2 Transmutations
 + Level 1.2 Fire Magic
 + Level 1.2 Ice Magic
 + Level 1.2 Air Magic
 + Level 1.2 Earth Magic
 + Level 1.2 Poison Magic
 + Level 1.7 Invocations
 + Level 1.5 Evocations


You had 12 spell levels left.
You knew the following spells:

 Your Spells              Type           Power      Damage    Failure   Level
a - Blink                 Tloc           34%        N/A       3%          2

Your spell library contained the following spells:

 Spells                   Type           Power      Damage    Failure   Level
 Gell's Gravitas          Tloc           17%        N/A       7%          3
 Lesser Beckoning         Tloc           17%        N/A       7%          3
 Teleport Other           Tloc           17%        N/A       7%          3
 Manifold Assault         Tloc           17%        N/A       54%         5
 Dispersal                Tloc           8%         N/A       98%         6


Dungeon Overview and Level Annotations

Branches:
Dungeon (4/15)
 Temple: D:4-7

Altars:

Annotations:
D:3 Grinder


Innate Abilities, Weirdness & Mutations

You have very sharp teeth.
Your uncanny sense of smell can sniff out nearby items.
Your experience applies equally to all skills.


Message History

Level annotation: Grinder
* * * LOW HITPOINT WARNING * * *
You feel very sick.
There is a stone staircase leading down here.
It was a potion of curing.
You feel better. The scorpion stings you.
* * * LOW HITPOINT WARNING * * *
Unknown command.
Casting: Blink (safe; 3% risk of failure)
Confirm with . or Enter, or press ? or * to list all spells.
You blink.
Grinder shouts!
Unknown command.
Your +2 hunting sling of freezing is covered in frost.
p - a +2 hunting sling of freezing (weapon)
Unknown command.
You are too injured to fight recklessly!
Fire: 100 stones
Press: ? - help, Shift-Dir - straight line, f - scorpion
Aim: a scorpion (heavily wounded, 64% to hit)
You shoot a stone. The stone hits the scorpion.
The stone freezes the scorpion.
The scorpion is severely wounded.
Grinder misses you.
Unknown command.
Fire: 99 stones
Press: ? - help, Shift-Dir - straight line, f/p - scorpion
Aim: a scorpion (severely wounded, 64% to hit)
You shoot a stone. The stone hits the scorpion.
The stone freezes the scorpion.
The scorpion is almost dead.
Grinder gestures at you.
You suddenly lose the ability to move!
Grinder hits you!
* * * LOW HITPOINT WARNING * * *
You writhe in agony.
* * * LOW HITPOINT WARNING * * *
The scorpion stings you but does no damage.
You feel stable enough to blink again. The scorpion barely misses you.
Grinder blinks!
The scorpion stings you but does no damage.
The scorpion stings you.
You die...

..........#...###...###...###...#
.#...............................
##.........#.....................
#....##.#.......................
#.....#......###...###...###...#
##............# #...# #...# #...#
..........>...###...###...###...#
...#.............................
##.#.......#.(.s@§...............
#)..........!..5..##..##........
###........##....................
...............###≈..≈###..#....#
.###.......##.#...#≈≈#...#.....##
.# ##......##.#.⌠.#≈≈#.⌠.#.....##
.####.........#...#≈≈#...#.....#.
...##......##..###≈≈≈≈###........
##.........##....≈≈≈≈≈≈.......#..


You could see Grinder and a scorpion.

Vanquished Creatures
  A bullfrog skeleton (D:3)
  Crazy Yiuf (D:3)
  Robin (D:2)
  5 adders
  A worm (D:3)
  2 dart slugs
  An orc (D:3)
  6 ball pythons
  3 bats
  4 endoplasms
  A giant cockroach (D:1)
  9 goblins
  4 hobgoblins
  4 jackals
  2 frilled lizards (D:2)
  2 kobolds (D:2)
  4 rats
51 creatures vanquished.

Notes
Turn   | Place    | Note
-------+----------+-------------------------------------------
     0 | D:1      | Ablot the Gnoll Warper began the quest for the Orb.
     0 | D:1      | Reached XP level 1. HP: 20/20 MP: 6/6
   124 | D:1      | Reached XP level 2. HP: 25/26 MP: 7/7
   127 | D:1      | Learned a level 2 spell: Blink
   348 | D:1      | Found a faded altar of an unknown god.
   825 | D:2      | Noticed Robin
   852 | D:2      | Killed Robin
   853 | D:2      | Reached skill level 5 in Spellcasting
   853 | D:2      | Reached XP level 3. HP: 28/31 MP: 7/9
  1074 | D:2      | Reached skill level 1 in Invocations
  1194 | D:2      | Reached skill level 1 in Short Blades
  1194 | D:2      | Reached skill level 1 in Long Blades
  1194 | D:2      | Reached skill level 1 in Axes
  1194 | D:2      | Reached skill level 1 in Maces & Flails
  1194 | D:2      | Reached skill level 1 in Staves
  1194 | D:2      | Reached skill level 1 in Slings
  1194 | D:2      | Reached skill level 1 in Bows
  1194 | D:2      | Reached skill level 1 in Crossbows
  1194 | D:2      | Reached skill level 1 in Stealth
  1194 | D:2      | Reached skill level 1 in Shields
  1194 | D:2      | Reached skill level 1 in Unarmed Combat
  1194 | D:2      | Reached skill level 1 in Evocations
  1532 | D:2      | Reached XP level 4. HP: 38/38 MP: 11/11
  2009 | D:2      | Reached skill level 1 in Conjurations
  2009 | D:2      | Reached skill level 1 in Hexes
  2009 | D:2      | Reached skill level 1 in Summonings
  2009 | D:2      | Reached skill level 1 in Necromancy
  2009 | D:2      | Reached skill level 1 in Transmutations
  2009 | D:2      | Reached skill level 1 in Fire Magic
  2009 | D:2      | Reached skill level 1 in Ice Magic
  2009 | D:2      | Reached skill level 1 in Air Magic
  2009 | D:2      | Reached skill level 1 in Earth Magic
  2009 | D:2      | Reached skill level 1 in Poison Magic
  2366 | D:3      | Noticed Grinder
  2386 | D:3      | Found a runed translucent door.
  2387 | D:3      | Noticed Crazy Yiuf
  2399 | D:3      | Killed Crazy Yiuf
  2400 | D:3      | Reached XP level 5. HP: 13/43 MP: 12/12
  3150 | D:3      | Paralysed by Grinder for 6 turns
  3151 | D:3      | HP: 1/43 [Grinder (4)]
  3153 | D:3      | Slain by a scorpion

Illustrated notes

Levels and vault maps discovered:
D:1:      wander_arrival_desolate, layout_loops_ring,
          shapermc_ecumenical_altar_pompeii
D:2:      minmay_chambers_of_ones, layout_basic, uniq_robin
D:3:      layout_rooms, fountainhead, kennysheep_boxes, uniq_crazy_yiuf_cottage,
          uniq_grinder
D:4:      layout_basic, serial_co_window_serial, co_window_paths_a,
          co_window_paths_b, co_window_paths_b, co_window_cross_1,
          co_window_corner_a, co_window_cross_1, co_window_paths_b,
          co_window_broadway_b, co_window_corner_ca, co_window_cross_3,
          co_window_4corner_b, glass_columns_b, glass_columns_a,
          glass_columns_a, glass_columns_a, glass_columns_c

Skill      XL: |  1  2  3  4  5 |
---------------+----------------+-----
Spellcasting   | 5 |  5.2
Invocations    | 1 |  1.7
Short Blades   | 1 |  1.5
Long Blades    | 1 |  1.5
Axes           | 1 |  1.5
Maces & Flails | 1 |  1.5
Staves         | 1 |  1.5
Slings         | 1 |  1.5
Bows           | 1 |  1.5
Crossbows      | 1 |  1.5
Stealth        | 1 |  1.5
Shields        | 1 |  1.5
Unarmed Combat | 1 |  1.5
Evocations     | 1 |  1.5
Conjurations   | 1 |  1.2
Hexes          | 1 |  1.2
Summonings     | 1 |  1.2
Necromancy     | 1 |  1.2
Transmutations | 1 |  1.2
Fire Magic     | 1 |  1.2
Ice Magic      | 1 |  1.2
Air Magic      | 1 |  1.2
Earth Magic    | 1 |  1.2
Poison Magic   | 1 |  1.2
Throwing       | 3 |  3.0
Armour         | 3 |  3.0
Fighting       | |  4.8
Polearms       | |  4.8
Dodging        | |  4.8
Translocations | |  5.5

Action                   |  1- 3 |  4- 6 || total
-------------------------+-------+-------++-------
Melee: Spear             |   112 |    70 ||   182
       Bite              |     9 |     8 ||    17
       Punch             |       |     1 ||     1
 Fire: Hunting sling     |     4 |    41 ||    45
 Cast: Blink             |       |     2 ||     2
  Use: Potion            |       |     1 ||     1
 Stab: Sleeping          |     2 |     3 ||     5
Armor: Leather armour    |    17 |    19 ||    36
Dodge: Dodged            |    58 |    64 ||   122
